 Dungeon Crawl Stone Soup version 0.31-a0-232-gb1c03b2570 (webtiles) character file.

Game seed: 17413847779728218914

596 qw the Shooter (level 7, -3/44 HPs)
             Began as a Gargoyle Hexslinger on July 7, 2023.
             Killed from afar by an acid dragon (34 damage)
             ... with a splash of acid
             ... on level 5 of the Dungeon.
             The game lasted 00:01:53 (4864 turns).

qw the Shooter (Gargoyle Hexslinger)                Turns: 4864, Time: 00:01:53

Health: -3/44      AC: 12    Str: 12    XL:     7   Next: 40%
Magic:  8/8        EV: 10    Int: 13    God:
Gold:   404        SH:  0    Dex: 14    Spells: 7/8 levels left

rFire   . . .        Y - +1 sling
rCold   . . .        (no shield)
rNeg    + . .        m - +0 ring mail
rPois   inf          e - +0 helmet
rElec   +            (no cloak)
rCorr   .            (no gloves)
SInv    +            c - +0 pair of boots
Will    .....        (no amulet)
Stlth   +            g - ring of see invisible
HPRegen 0.27/turn    (no ring)
MPRegen 0.11/turn

%: no passive effects
@: no status effects
A: sickness immunity, AC +4, negative energy resistance 1, electricity
resistance, torment resistance 1, petrification resistance
a: no special abilities


You were on level 5 of the Dungeon.
You visited 2 branches of the dungeon, and saw 6 of its levels.

You collected 404 gold pieces.


Innate Abilities, Weirdness & Mutations

You are immune to sickness and miasma.
Your stone body is resilient. (AC +4)
You are immune to poison.
You resist negative energy. (rN+)
You are resistant to electric shocks. (rElec)
You are resistant to unholy torment.
You are immune to petrification.


   Skills:
 - Level 4.6 Fighting
 + Level 6.5 Ranged Weapons
 - Level 1.1 Armour
 - Level 1.5 Dodging
 - Level 1.0 Spellcasting
 - Level 2.6 Hexes


You had 7 spell levels left.
You knew the following spells:

 Your Spells              Type           Power      Damage    Failure   Level
a - Slow                  Hex            28%        N/A       22%         1

Your spell library contained the following spells:

 Spells                   Type           Power      Damage    Failure   Level
 Inner Flame              Hex/Fire       4%         N/A       73%         3
 Portal Projectile        Hex/Tloc       8%         N/A       73%         3
 Cause Fear               Hex            3%         N/A       91%         4

Inventory:

Hand Weapons
 Y - a +1 sling (weapon)
Armour
 c - a +0 pair of boots (worn)
 e - a +0 helmet (worn)
 m - a +0 ring mail (worn)
Jewellery
 g - a ring of see invisible (left hand)
Scrolls
 f - a scroll of identify
Potions
 b - a potion of mutation
 d - 2 potions of enlightenment
 h - a potion of might
 i - a potion of curing
 n - a potion of degeneration {unknown}

Dungeon Overview and Level Annotations

Branches:
Dungeon (5/15)             Temple (1/1) D:5

Altars:
Ashenzari
Cheibriados
Dithmenos
Elyvilon
Kikubaaqudgha
Qazlal
Ru
Sif Muna
Trog
Uskayaw
Wu Jian
Yredelemnul
Zin
The Shining One

Annotations:
D:3 3 runed translucent doors, qw's ghost, amateur GrHs
D:4 1 runed translucent door, Crazy Yiuf


Message History

4779 ||| DRINKING 2 potions of heal wounds.
You feel much better. The acid dragon closely misses you.
The acid dragon barely misses you.
You shoot a sling bullet.
The sling bullet barely misses the acid dragon.
The acid dragon spits acid at you. The splash of acid hits you!
The acid corrodes you! The acid dragon bites you!
The acid dragon claws you but does no damage.
4781 ||| DRINKING potion of heal wounds.
You feel much better. The acid dragon bites you.
The acid dragon barely misses you.
You shoot a sling bullet.
The sling bullet hits the acid dragon but does no damage.
The acid dragon is lightly wounded.
Your surroundings suddenly seem different.
You start resting.
You are no longer corroded.
HP restored.
The acid dragon roars!
Enter note:
Enter note:
Enter note:
Enter note:
Enter note:
Enter note:
Enter note:
Enter note:
Enter note: You shoot a sling bullet.
The sling bullet hits the acid dragon.
The acid dragon is lightly wounded.
The acid dragon spits acid at you. The splash of acid hits you!
You shoot a sling bullet. The sling bullet hits the acid dragon.
The acid dragon is lightly wounded.
You shoot a sling bullet. The sling bullet hits the acid dragon.
The acid dragon is moderately wounded.
The acid dragon spits acid at you. The splash of acid hits you!!
Ouch! That really hurt!
You die...

#####..........#..........#..##<.
...............#.##.#######......
######....#..###.##..........####
####.#................../...
#.##.###.#####.........## #.##.#
#.#.............# #.##.#
#.#.............#
..##.###.#####.........#
#.##....@....+.........#
#####D#####.........##
#.............>...
###.....########## +.....#
#########.....#
####.##..........#
#....#.....#.....#
###.}8....##.+.....#


You could see an acid dragon (catching breath).

Vanquished Creatures
  A phantom (D:5)
  Blork the orc (D:3)
  2 scorpions (D:5)
  A jelly (D:5)
  A sleepcap (D:4)
  Natasha (thrice) (D:3)
  7 gnolls (D:3)
  7 adders
  An ufetubus (D:4)
  4 worms
  4 dart slugs
  2 orcs
  5 endoplasms
  2 giant cockroaches
  2 goblins
  4 hobgoblins
  7 kobolds
  A quokka (D:2)
  7 ball pythons
  5 bats
  3 frilled lizards
  A rat (D:3)
71 creatures vanquished.

Notes
Turn   | Place    | Note
-------+----------+-------------------------------------------
     0 | D:1      | qw the Gargoyle Hexslinger began the quest for the Orb.
     0 | D:1      | Reached XP level 1. HP: 12/12 MP: 2/2
     0 | D:1      | 0 ||| qw: Version: 0.3-a-46-gb1f654a
     0 | D:1      | 0 ||| qw: Game counter: 2362
     0 | D:1      | 0 ||| qw: Melee chars always use a shield: true
     0 | D:1      | 0 ||| qw: God list: Okawaru
     0 | D:1      | 0 ||| qw: Allow faded altars: false
     0 | D:1      | 0 ||| qw: Do Orc after clearing Dungeon:15 true
     0 | D:1      | 0 ||| qw: Do second Lair branch before Depths: true
     0 | D:1      | 0 ||| qw: Lair rune preference: random
     0 | D:1      | 0 ||| qw: Goals: Normal
     0 | D:1      | 0 ||| PLANNING D:1-11
   255 | D:1      | Reached XP level 2. HP: 16/16 MP: 3/3
   630 | D:1      | Reached skill level 3 in Ranged Weapons
   863 | D:1      | 863 ||| UPGRADING to +0 helmet.
   868 | D:1      | 868 ||| UPGRADING to +0 leather armour.
   878 | D:1      | 878 ||| DROPPING +0 robe.
   879 | D:1      | 879 ||| UPGRADING to ring of see invisible.
   880 | D:1      | 880 ||| READING scroll labelled ZOQOBL FIAMOTO.
   881 | D:1      | 881 ||| READING scroll labelled ENOQAO MAOBEA.
   882 | D:1      | 882 ||| DROPPING scroll of poison.
  1035 | D:2      | Reached XP level 3. HP: 21/21 MP: 4/4
  1169 | D:2      | HP: 4/21 [worm (7)]
  1174 | D:2      | HP: 4/21 [kobold/+0 whip (2)]
  1279 | D:2      | HP: 2/21 [worm (5)]
  1615 | D:2      | 1615 ||| UPGRADING to +0 pair of boots.
  1620 | D:2      | 1620 ||| READING scroll labelled QUMMUR LUUCU.
  1621 | D:2      | 1621 ||| DRINKING 2 fuming emerald potions.
  1622 | D:2      | 1622 ||| DRINKING 2 amethyst potions.
  1623 | D:2      | 1623 ||| READING 2 scrolls of identify.
  1623 | D:2      | 1623 ||| IDENTIFYING bubbling cyan potion
  1646 | D:3      | Reached XP level 4. HP: 26/26 MP: 5/5
  1773 | D:3      | Reached skill level 4 in Ranged Weapons
  1776 | D:3      | 1776 ||| FLEEEEING.
  1779 | D:3      | 1779 ||| FLEEEEING.
  1780 | D:3      | 1780 ||| FLEEEEING.
  1781 | D:3      | 1781 ||| FLEEEEING.
  1782 | D:3      | 1782 ||| FLEEEEING.
  1783 | D:3      | 1783 ||| FLEEEEING.
  1784 | D:3      | 1784 ||| FLEEEEING.
  1785 | D:3      | 1785 ||| FLEEEEING.
  1786 | D:3      | 1786 ||| FLEEEEING.
  1787 | D:3      | 1787 ||| FLEEEEING.
  1788 | D:3      | 1788 ||| FLEEEEING.
  1789 | D:3      | 1789 ||| FLEEEEING.
  1928 | D:3      | Reached XP level 5. HP: 30/30 MP: 6/6
  1972 | D:3      | Reached skill level 5 in Ranged Weapons
  2064 | D:3      | Found a shadowy altar of Dithmenos.
  2125 | D:3      | Noticed Natasha
  2132 | D:3      | Killed Natasha
  2267 | D:3      | Reached skill level 3 in Fighting
  2317 | D:3      | Found a runed translucent gate.
  2318 | D:3      | Noticed qw's ghost (amateur GrHs)
  2336 | D:3      | Identified the +1 scale mail of Lixus {rF- rC+ Str+5
                  | Stlth+}
  2337 | D:3      | Found a runed translucent gate.
  2338 | D:3      | Found a runed translucent gate.
  2386 | D:3      | Reached skill level 1 in Armour
  2562 | D:3      | Noticed Natasha
  2573 | D:3      | Killed Natasha
  2574 | D:3      | Reached XP level 6. HP: 20/37 MP: 7/7
  2652 | D:3      | Found an ancient bone altar of Kikubaaqudgha.
  2765 | D:3      | Noticed Natasha
  2778 | D:3      | Killed Natasha
  2945 | D:3      | 2945 ||| READING scroll labelled BODWUE BAEHERUCW.
  3016 | D:4      | Noticed Blork the orc
  3020 | D:4      | 3020 ||| STAIRDANCE
  3029 | D:3      | Killed Blork the orc
  3161 | D:4      | Reached skill level 6 in Ranged Weapons
  3209 | D:4      | Identified the +4 mace of Ragnarok {heavy, Drain rC+++
                  | Str-5 SInv}
  3371 | D:4      | Found a runed translucent door.
  3372 | D:4      | Noticed Crazy Yiuf
  3720 | D:4      | 3720 ||| UPGRADING to +0 ring mail.
  3730 | D:4      | 3730 ||| DROPPING +0 leather armour.
  3731 | D:4      | 3731 ||| READING scroll labelled TAPTYS ANUDUM.
  3732 | D:4      | 3732 ||| READING scroll labelled RUEDGH OJACAMM.
  3733 | D:4      | 3733 ||| DRINKING 2 gluggy clear potions.
  3763 | D:5      | Entered Level 5 of the Dungeon
  3887 | D:5      | Noticed an acid dragon
  3888 | D:5      | 3888 ||| FLEEEEING.
  3889 | D:5      | 3889 ||| FLEEEEING.
  3890 | D:5      | 3890 ||| FLEEEEING.
  3891 | D:5      | 3891 ||| FLEEEEING.
  3893 | D:5      | 3893 ||| FLEEEEING.
  3894 | D:5      | 3894 ||| FLEEEEING.
  3895 | D:5      | 3895 ||| FLEEEEING.
  3896 | D:5      | 3896 ||| FLEEEEING.
  3897 | D:5      | 3897 ||| FLEEEEING.
  3898 | D:5      | 3898 ||| FLEEEEING.
  3899 | D:5      | 3899 ||| FLEEEEING.
  3900 | D:5      | 3900 ||| FLEEEEING.
  3901 | D:5      | 3901 ||| FLEEEEING.
  3902 | D:5      | 3902 ||| FLEEEEING.
  3903 | D:5      | 3903 ||| FLEEEEING.
  3904 | D:5      | 3904 ||| FLEEEEING.
  3905 | D:5      | 3905 ||| FLEEEEING.
  3915 | D:5      | 3915 ||| STAIRDANCE
  3972 | D:4      | 3972 ||| READING 2 scrolls of identify.
  3972 | D:4      | 3972 ||| IDENTIFYING fizzy golden potion
  3973 | D:4      | 3973 ||| DROPPING potion of berserk rage.
  4189 | D:5      | HP: 8/38 [phantom (3)]
  4190 | D:5      | 4190 ||| READING 2 scrolls of teleportation.
  4190 | D:5      | HP: 3/38 [acid dragon (2)]
  4191 | D:5      | 4191 ||| DRINKING 3 potions of heal wounds.
  4269 | D:5      | Reached XP level 7. HP: 42/44 MP: 8/8
  4511 | D:5      | Found a stormy altar of Qazlal.
  4559 | D:5      | Found a staircase to the Ecumenical Temple.
  4560 | D:5      | 4560 ||| PLANNING TEMPLE
  4560 | D:5      | 4560 ||| READING 2 scrolls labelled QIARIT QYAH.
  4561 | D:5      | 4561 ||| READING scroll labelled JETEAT YVEA.
  4562 | D:5      | 4562 ||| DROPPING scroll of fear.
  4568 | Temple   | Entered the Ecumenical Temple
  4732 | Temple   | 4732 ||| PLANNING D:1-11
  4777 | D:5      | HP: 8/44 [acid dragon (7)]
  4778 | D:5      | 4778 ||| READING scroll of teleportation.
  4779 | D:5      | 4779 ||| DRINKING 2 potions of heal wounds.
  4780 | D:5      | HP: 1/44 [acid dragon (12)]
  4781 | D:5      | 4781 ||| DRINKING potion of heal wounds.
  4864 | D:5      | Killed from afar by an acid dragon

Levels and vault maps discovered:
D:1:      minmay_arrival_stair_chambers, layout_basic, serial_glass,
          glass_columns_b, glass_columns_a
D:2:      layout_basic, minmay_hexomino_c4
D:3:      layout_basic, overflow_temple_1_default,
          nicolae_dithmenos_shadow_blocks, biasface_ghost_orc_armoury,
          nicolae_elevator_lobby_plus, uniq_natasha
D:4:      layout_rooms, minmay_gold_behind_fungi, bh_walls_and_bars,
          uniq_crazy_yiuf_cottage, uniq_blork_the_orc
D:5:      layout_basic, grunt_qazlal_clouds,
          minmay_temple_entry_drinking_statues, ebering_ghost_reflecting_pool
Temple:   bh_familiar_temple

Skill      XL: |  1  2  3  4  5  6 |
---------------+-------------------+-----
Ranged Weapons | 3 4 5 6 |  6.5
Fighting       | 2 3 4 |  4.6
Armour         | 1 |  1.1
Dodging        | |  1.5
Spellcasting   | |  1.0
Hexes          | |  2.6

Action                     |  1- 3 |  4- 6 |  7- 9 || total
---------------------------+-------+-------+-------++-------
   Fire: Sling             |   123 |   265 |    45 ||   433
    Use: Scroll            |     4 |     5 |     3 ||    12
         Potion            |     2 |     2 |     2 ||     6
 Armour: Robe              |    10 |       |       ||    10
         Leather armour    |    12 |    56 |       ||    68
         Ring mail         |       |    17 |    23 ||    40
  Dodge: Dodged            |    33 |   121 |    26 ||   180

Table legend:
 A = Non-vault XP
 B = Vault XP
 C = Vault XP percentage of total XP
 D = Non-vault monster count
 E = Vault monster count
 F = Vault count percentage of total count
                 A         B        C        D         E       F
            +---------+---------+-------+---------+---------+-------
      Total |     706 |     146 |  17.1 |      63 |       8 |  11.3
            +---------+---------+-------+---------+---------+-------
        D:1 |      21 |       0 |   0.0 |      11 |       0 |   0.0
        D:2 |      48 |      12 |  20.0 |      11 |       6 |  35.3
        D:3 |     249 |     134 |  35.0 |      28 |       2 |   6.7
        D:4 |      76 |       0 |   0.0 |       8 |       0 |   0.0
        D:5 |     312 |       0 |   0.0 |       5 |       0 |   0.0
            +---------+---------+-------+---------+---------+-------
